 Dungeon Crawl Stone Soup version 0.31.0-11-ge490571c62 (webtiles) character file.

Game seed: 6448311990278647861

116 qw the Skirmisher (level 4, -2/26 HPs)
             Began as a Deep Elf Hunter on Feb 4, 2024.
             Frozen to death by an endoplasm (3 damage)
             ... on level 2 of the Dungeon.
             The game lasted 00:00:24 (989 turns).

qw the Skirmisher (Deep Elf Hunter)                  Turns: 989, Time: 00:00:26

Health: -2/26      AC:  5    Str: 10    XL:     4   Next: 69%
Magic:  6/6        EV: 13    Int: 14    God:
Gold:   5          SH:  0    Dex: 18    Spells: 3/3 levels left

rFire   + . .        a - +0 shortbow
rCold   . . .        (shield currently unavailable)
rNeg    . . .        c - +0 leather armour
rPois   .            g - +0 helmet
rElec   .            (no cloak)
rCorr   .            j - +0 pair of gloves
SInv    .            (no boots)
Will    .....        (no amulet)
Stlth   ++           i - ring of protection from fire
HPRegen 0.24/turn    (no ring)
MPRegen 0.10/turn

%: no passive effects
@: no status effects
A: no striking features
a: no special abilities


You were on level 2 of the Dungeon.
You visited 1 branch of the dungeon, and saw 2 of its levels.

You collected 5 gold pieces.


   Skills:
 + Level 1.6 Fighting
 - Level 13.2 Ranged Weapons
 - Level 3.2 Dodging
 - Level 1.2 Stealth


You had 3 spell levels left.
You didn't know any spells.
Your spell library was empty.

Inventory:

Hand Weapons
 a - a +0 shortbow (weapon)
Armour
 c - a +0 leather armour (worn)
 g - a +0 helmet (worn)
 j - a +0 pair of gloves (worn)
Jewellery
 d - a ring of ice
 i - a ring of protection from fire (left hand)
Wands
 h - a wand of mindburst (12)
Potions
 l - a potion of cancellation

Dungeon Overview and Level Annotations

Branches:
Dungeon (2/15)

Altars:


Message History

Aiming: Mindburst
Press: ? - help, Q - select action, (/) - cycle Shift-Dir - straight line, f/p - scorpion The scorpion struggles to resist.
You feel sick. The scorpion misses you.
A kobold comes into view. It is wielding a +0 whip.
The kobold barely misses you.
The endoplasm jiggles.
983 ||| ZAPPING wand of mindburst (13) at 0,-1 (scorpion; floor).
Aiming: Mindburst
Press: ? - help, Q - select action, (/) - cycle Shift-Dir - straight line, f/p - scorpion The scorpion's mind is blasted!
You blow up the scorpion!
You feel sick. The adder misses you. The kobold hits you but does no damage.
Your Dodging skill increases to level 3!
You have reached level 4!
You feel clever.
You shoot an arrow. The arrow closely misses the adder.
The arrow barely misses the kobold.
You feel sick. The adder barely misses you.
You shoot an arrow. The arrow closely misses the adder.
The arrow hits the kobold!
You kill the kobold!
You feel sick. The kobold hits you with a +0 whip.
The adder bites you but does no damage.
You shoot an arrow. The arrow hits the adder!
The adder is severely wounded.
You feel sick. The kobold barely misses you. The adder barely misses you.
You shoot an arrow. The arrow hits the adder.
You kill the adder!
You feel sick. The kobold hits you with a +0 whip.
You shoot an arrow. The arrow barely misses the kobold.
The arrow barely misses the ribbon worm.
The kobold closely misses you.
The endoplasm hits you but does no damage.
You shoot an arrow. The arrow hits the kobold!
You kill the kobold!
You feel sick.
You are no longer poisoned.
The endoplasm freezes you.
You are frozen.
You die...

#........
#.......#
#.......###
#.........
#.......#
##.....<.####..
+......)......>
##.#.##J######.
# #@# #w# ..#
##.. #.. #...
.... .....


You could see a ribbon worm and an endoplasm.

Vanquished Creatures
  A scorpion (D:2)
  An adder (D:2)
  A dart slug (D:1)
  2 goblins (D:1)
  3 hobgoblins (D:1)
  3 ball pythons (D:1)
  3 bats (D:1)
  4 kobolds
  3 rats (D:1)
21 creatures vanquished.

Notes
Turn   | Place    | Note
-------+----------+-------------------------------------------
     0 | D:1      | qw the Deep Elf Hunter began the quest for the Orb.
     0 | D:1      | Reached XP level 1. HP: 12/12 MP: 3/3
     0 | D:1      | 0 ||| qw: Version: 0.3-a-160-g6735b56
     0 | D:1      | 0 ||| qw: Game counter: 5943
     0 | D:1      | 0 ||| qw: Melee chars always use a shield: true
     0 | D:1      | 0 ||| qw: God list: Okawaru
     0 | D:1      | 0 ||| qw: Allow faded altars: false
     0 | D:1      | 0 ||| qw: Do Orc after clearing Dungeon:15 true
     0 | D:1      | 0 ||| qw: Do second Lair branch before Depths: true
     0 | D:1      | 0 ||| qw: Lair rune preference: random
     0 | D:1      | 0 ||| qw: Goals: Normal
     0 | D:1      | 0 ||| PLANNING D:1-11
   276 | D:1      | Reached XP level 2. HP: 16/16 MP: 4/4
   303 | D:1      | Reached skill level 6 in Ranged Weapons
   414 | D:1      | Found a faded altar of an unknown god.
   420 | D:1      | Identified the +10 hand axe of Wariness {vamp, Int+3}
   893 | D:1      | 893 ||| UPGRADING to +0 helmet.
   898 | D:1      | 898 ||| UPGRADING to +0 pair of gloves.
   903 | D:1      | 903 ||| UPGRADING to ring of protection from fire.
   904 | D:1      | 904 ||| READING 3 scrolls labelled FEAPTU REUSU.
   904 | D:1      | 904 ||| IDENTIFYING fizzy blue potion
   905 | D:1      | 905 ||| DRINKING potion of experience.
   905 | D:1      | Reached skill level 13 in Ranged Weapons
   905 | D:1      | Reached XP level 3. HP: 20/20 MP: 5/5
   906 | D:1      | 906 ||| READING 2 scrolls of identify.
   906 | D:1      | 906 ||| IDENTIFYING metallic blue potion
   907 | D:1      | 907 ||| READING scroll of identify.
   907 | D:1      | 907 ||| IDENTIFYING glowing puce potion
   908 | D:1      | 908 ||| READING scroll labelled KOGIOP CIUPH.
   909 | D:1      | 909 ||| DRINKING 2 fizzy golden potions.
   964 | D:1      | 964 ||| DROPPING scroll of butterflies.
   965 | D:1      | 965 ||| DROPPING potion of berserk rage.
   966 | D:1      | 966 ||| DROPPING potion of lignification.
   973 | D:2      | Noticed a scorpion
   974 | D:2      | 974 ||| RETREEEEATING.
   975 | D:2      | 975 ||| RETREEEEATING.
   976 | D:2      | 976 ||| RETREEEEATING.
   977 | D:2      | 977 ||| ZAPPING wand of mindburst (19) at -1,-2 (scorpion;
                  | floor).
   978 | D:2      | 978 ||| ZAPPING wand of mindburst (18) at 0,-1 (scorpion;
                  | floor).
   979 | D:2      | 979 ||| ZAPPING wand of mindburst (17) at 0,-1 (scorpion;
                  | floor).
   980 | D:2      | 980 ||| ZAPPING wand of mindburst (16) at 0,-1 (scorpion;
                  | floor).
   981 | D:2      | 981 ||| ZAPPING wand of mindburst (15) at 0,-1 (scorpion;
                  | floor).
   982 | D:2      | 982 ||| ZAPPING wand of mindburst (14) at 0,-1 (scorpion;
                  | floor).
   983 | D:2      | 983 ||| ZAPPING wand of mindburst (13) at 0,-1 (scorpion;
                  | floor).
   983 | D:2      | Killed a scorpion
   984 | D:2      | Reached skill level 3 in Dodging
   984 | D:2      | Reached XP level 4. HP: 11/25 MP: 6/6
   987 | D:2      | HP: 2/25 [kobold/+0 whip (5)]
   989 | D:2      | Frozen to death by an endoplasm

Levels and vault maps discovered:
D:1:      onia_arrival_mini_maze, layout_basic,
          hellmonk_ecumenical_altar_lost_god, dk_noncrumbling_2
D:2:      layout_basic, minmay_stone_trees_small, chequers_serial_rivers_micro_d

Skill      XL: |  1  2  3 |
---------------+----------+-----
Ranged Weapons | 13 | 13.2
Dodging        | 3 |  3.2
Fighting       | |  1.6
Stealth        | |  1.2

Action                     |  1- 3 |  4- 6 || total
---------------------------+-------+-------++-------
   Fire: Shortbow          |    26 |     6 ||    32
  Evoke: Wand              |     7 |       ||     7
    Use: Scroll            |     4 |       ||     4
         Potion            |     2 |       ||     2
 Armour: Leather armour    |     4 |     4 ||     8
  Dodge: Dodged            |     6 |     4 ||    10

Table legend:
 A = Non-vault XP
 B = Vault XP
 C = Vault XP percentage of total XP
 D = Non-vault monster count
 E = Vault monster count
 F = Vault count percentage of total count
                 A         B        C        D         E       F
            +---------+---------+-------+---------+---------+-------
      Total |     123 |       2 |   1.6 |      19 |       2 |   9.5
            +---------+---------+-------+---------+---------+-------
        D:1 |      25 |       2 |   7.4 |      15 |       2 |  11.8
        D:2 |      98 |       0 |   0.0 |       4 |       0 |   0.0
            +---------+---------+-------+---------+---------+-------
